 Dungeon Crawl Stone Soup version 0.17.0-8-gb983d21 (console) character file.

7 CALLOUS the Caller (level 1, 0/13 HPs)
             Began as a Mummy Summoner on Nov 9, 2015.
             Hit by a stone thrown by a goblin (3 damage)
             ... on level 1 of the Dungeon.
             The game lasted 00:29:48 (890 turns).

CALLOUS the Caller (Mummy Summoner)                  Turns: 890, Time: 00:29:48

Health: 0/13       AC:  3    Str: 11    XL:     1   Next: 83%
Magic:  0/3        EV: 12    Int: 14    God:
Gold:   34         SH:  0    Dex: 12    Spells: 1 memorised, 3 levels left

rFire  x . .     SeeInvis .     c - +0 dagger
rCold  + . .     Clarity  .     a - +0 robe
rNeg   + + +     SustAt   .     (no shield)
rPois  ∞         Gourm    .     (no helmet)
rElec  .         Spirit   .     e - +0 cloak
rCorr  .         Warding  .     (no gloves)
rMut   .         Stasis   .     (no boots)
MR     .....                    (no amulet)
Stlth  ++........               (no ring)
                                (no ring)

@: not resistant to hostile enchantments, unstealthy
A: no food or potions, fire vulnerability, cold resistance 1, negative energy
resistance 3, torment resistance, unbreathing
a: no special abilities


You were on level 1 of the Dungeon.
You were not hungry.

You visited 1 branch of the dungeon, and saw 1 of its levels.

You collected 34 gold pieces.

Inventory:

Hand Weapons
 c - a +0 dagger (weapon)
Missiles
 d - 3 stones (quivered)
Armour
 a - a +0 robe (worn)
 e - a +0 cloak (worn)
Books
 b - a book of Callings

   Spells                             Type                      Level
   a - Summon Small Mammal            Summoning                    1
   b - Call Imp                       Summoning                    2
   c - Call Canine Familiar           Summoning                    3
   d - Summon Guardian Golem          Hexes/Summoning              3
   e - Summon Lightning Spire         Summoning/Air                4
   f - Summon Ice Beast               Ice/Summoning                4


   Skills:
 * Level 0.2 Fighting
 + Level 1.6 Dodging
 + Level 1.7 Stealth
 + Level 2.1 Spellcasting
 + Level 3.4 Summonings


You had 3 spell levels left.
You knew the following spells:

 Your Spells              Type           Power        Failure   Level  Hunger
a - Summon Small Mammal   Summ           ##..         10%         1    N/A

Dungeon Overview and Level Annotations

Branches:
Dungeon (1/15)

Altars:

Annotations:
D:1 mDhD, exclusions: centaur, demigod, demonspawn, draconian, dwarf, elf, felid, formicid, gargoyle, ghoul, halfling, human, kobold, merfolk, minotaur, mummy, naga, octopode, ogre, orc, spriggan, tengu, troll, vampire and vine stalker


Innate Abilities, Weirdness & Mutations

You do not eat or drink.
Your flesh is vulnerable to fire.
You are immune to poison.
Your flesh is cold resistant.
You are immune to negative energy.
You are immune to unholy pain and torment.
You can survive without breathing.


Message History

A stone appears from out of your range of vision.
The stone hits your rat.
Your rat dies!
Your rat's corpse disappears in a puff of smoke!
You hit the hobgoblin but do no damage.
The hobgoblin is heavily wounded.
The hobgoblin hits you with a club.
The goblin shouts!
You hit the hobgoblin.
The hobgoblin is almost dead.
The hobgoblin hits you with a club.
* * * LOW HITPOINT WARNING * * *
The goblin throws a stone.
The stone barely misses you.
You barely miss the hobgoblin.
The hobgoblin is almost dead.
The hobgoblin barely misses you.
You closely miss the hobgoblin.
The hobgoblin is almost dead.
The goblin throws a stone.
The stone hits you.
You die...

#........# #....
#........########.###
#....................
#.........#######.#.#
###........g#######.#.#
..'................>..#
#........########....
+........'..........[
#........########....
####(##### #....
#@############....
+.g....(..(.......
#+#####+##.###....
#..##.... ##.##....
##..#.... #........
##+##.#.#.###
##+####...#......#.
#............#...#.
####
#............#...#.


You could see a hobgoblin and a goblin.

Vanquished Creatures
  A goblin (D:1)
  A kobold (D:1)
2 creatures vanquished.

Vanquished Creatures (collateral kills)
  A goblin (D:1)
  2 hobgoblins (D:1)
  2 kobolds (D:1)
  2 rats (D:1)
7 creatures vanquished.

Grand Total: 9 creatures vanquished

Notes
Turn   | Place    | Note
--------------------------------------------------------------
     0 | D:1      | CALLOUS the Mummy Summoner began the quest for the Orb.
     0 | D:1      | Reached XP level 1. HP: 13/13 MP: 3/3
     1 | D:1      | Noticed a demonspawn
     4 | D:1      | Noticed a felid
     6 | D:1      | Noticed a tengu
     6 | D:1      | Noticed a demigod
     8 | D:1      | Noticed a centaur
     8 | D:1      | Noticed a formicid
    10 | D:1      | Noticed a naga
    12 | D:1      | Noticed an elf
    12 | D:1      | Noticed an ogre
    14 | D:1      | Noticed a draconian
    16 | D:1      | Noticed a vampire
    16 | D:1      | Noticed a merfolk
    18 | D:1      | Noticed a human
    20 | D:1      | Noticed a dwarf
    20 | D:1      | Noticed a ghoul
    22 | D:1      | Noticed an octopode
    24 | D:1      | Noticed a minotaur
    26 | D:1      | Noticed a gargoyle
    26 | D:1      | Noticed a spriggan
    28 | D:1      | Noticed a troll
    28 | D:1      | Noticed a vine stalker
   890 | D:1      | Hit by a stone thrown by a goblin

Action                   || total
-------------------------++-------
Melee: Dagger            ||    10
       Unarmed           ||     1
Throw: Stone             ||     8
 Cast: Summon Small Mamm ||    26
 Stab: Distracted        ||     1
       Sleeping          ||     1
